 Dungeon Crawl Stone Soup version 0.16-a0-3008-g8433e14 (webtiles) character file.

380 Ratboiler the Poker (level 6, -1/38 HPs)
             Began as an Octopode Wanderer on Dec 7, 2014.
             Was an Initiate of Yredelemnul.
             Killed from afar by Blork the orc (10 damage)
             ... with a puff of flame
             ... on level 5 of the Dungeon.
             The game lasted 00:10:01 (4269 turns).

Ratboiler the Poker (Octopode Wanderer)             Turns: 4269, Time: 00:10:01

Health: -1/38      AC:  1    Str: 12    XL:     6   Next: 75%
Magic:  8/8        EV:  9    Int: 13    God:    Yredelemnul [......]
Gold:   159        SH:  0    Dex: 14    Spells: 0 memorised, 7 levels left

rFire  . . .     SeeInvis .     b - +0 blowgun
rCold  . . .     Clarity  .     (no shield)
rNeg   . . .     SustAb   .     (helmet restricted)
rPois  .         Gourm    +     u - amulet of the gourmand
rElec  .         Spirit   .     x - -3 ring of evasion (curse)
rCorr  .         Warding  .     (no ring)
rMut   .         Stasis   .     (no ring)
MR     .....                    (no ring)
Stlth  ++........               (no ring)
                                (no ring)
                                (no ring)
                                (no ring)

@: not resistant to hostile enchantments, unstealthy
A: almost no armour, amphibious, 8 rings, constrict 8, camouflage 1, gelatinous
body 1
a: Renounce Religion


You were on level 5 of the Dungeon.
You worshipped Yredelemnul.
Yredelemnul was noncommittal.
You were not hungry.

You visited 1 branch of the dungeon, and saw 5 of its levels.

You collected 159 gold pieces.

Inventory:

Hand weapons
 a - a +0 scythe
 b - a +0 blowgun (weapon)
Missiles
 e - 25 stones
 h - 3 throwing nets
 j - 19 sling bullets
 k - 4 tomahawks
 v - 9 poisoned needles (quivered)
 w - 7 javelins
Jewellery
 u - an amulet of the gourmand (around mantle)
 x - a cursed -3 ring of evasion (left tentacle)
Magical devices
 l - a wand of slowing (27)
 m - a wand of slowing (15)
 o - a wand of slowing (14)
Scrolls
 n - a scroll of teleportation
Potions
 d - 4 potions of curing
 g - a potion of flight
 q - a potion of mutation {unknown}
 t - a potion of restore abilities {unknown}
Comestibles
 c - a beef jerky
 f - 3 bread rations
 p - a slice of pizza
 r - a meat ration


   Skills:
 - Level 1.0 Fighting
 + Level 7.0 Polearms
 - Level 1.0 Throwing
 - Level 2.0 Dodging
   Level 1.0 Shields
 - Level 1.0 Spellcasting
   Level 1.0 Hexes
   Level 1.0 Translocations


You had 7 spell levels left.
You didn't know any spells.

Dungeon Overview and Level Annotations

Branches:
Dungeon (5/15)
 Temple: D:4-7

Altars:
Cheibriados
Elyvilon
Yredelemnul
The Shining One

Annotations:
D:4 Eustachio
D:5 Blork the orc


Innate Abilities, Weirdness & Mutations

You cannot wear most types of armour.
You are amphibious.
You can wear up to eight rings at the same time.
You can use your tentacles to constrict many enemies at once.
Your skin changes colour to match your surroundings (Stealth).
Your rubbery body absorbs attacks (AC +1).


Message History

Press: ? - help, Shift-Dir - straight line, f/p - Blork the orc
Aim: Blork the orc, wielding a trident and wearing a runed robe (lightly wounded, fast, poisoned)
You shoot a poisoned needle. The poisoned needle hits Blork the orc!
Blork the orc is lightly wounded.
Blork the orc hits you from afar with a trident!
Blork the orc hits you from afar with a trident!
Firing (i - inventory. (,) - cycle):
v - 10 poisoned needles (quivered)
Press: ? - help, Shift-Dir - straight line, f/p - Blork the orc
Aim: Blork the orc, wielding a trident and wearing a runed robe (severely wounded, fast, poisoned)
You shoot a poisoned needle. The poisoned needle hits Blork the orc!
Blork the orc is severely wounded.
Blork the orc screams, "I'll break your legs!"
Blork the orc hits you from afar with a trident.
Blork the orc barely misses you.
Blork the orc hits you from afar with a trident!
* * * LOW HITPOINT WARNING * * *
Blork the orc casts a spell at you. The puff of flame hits you!
You die...
Your body rises from the dead as a mindless zombie.

##.# #..## .##
#...# ...#### #...#
#...######...##
#............###
#....##........###
#.....###%.......#
#...@.# #>........
##....# #.........
. #....# #.........
...
#..o.###.........
#..
##.....##......##.
#..#...(..#<.######
#...)........#
##..........##
#....!...(.(.#


You could see Blork the orc.

Vanquished Creatures
  Sigmund (D:4)
  A scorpion (D:5)
  A hound (D:4)
  An orc wizard (D:4)
  A worker ant (D:4)
  Ijyb (D:2)
  Jessica (D:2)
  A gnoll (D:2)
  3 adders
  2 worms (D:2)
  2 giant geckos
  2 oozes
  3 orcs (D:4)
  5 bats
  A bat skeleton (D:4)
  5 giant cockroaches
  14 goblins
  11 hobgoblins
  10 jackals
  2 ball pythons
  3 giant newts
  12 kobolds
  7 rats
90 creatures vanquished.

Notes
Turn   | Place    | Note
--------------------------------------------------------------
     0 | D:1      | Ratboiler, the Octopode Wanderer, began the quest for the Orb.
     0 | D:1      | Ratboiler set off with: 2 throwing nets, a +0 spear, a potion of curing, a bread ration
     0 | D:1      | Reached XP level 1. HP: 13/13 MP: 2/2
   181 | D:1      | Reached XP level 2. HP: 12/18 MP: 3/3
   448 | D:1      | Reached skill level 3 in Polearms
   818 | D:1      | Reached XP level 3. HP: 17/23 MP: 4/4
  1275 | D:2      | Noticed Jessica
  1281 | D:2      | Killed Jessica
  1281 | D:2      | Reached skill level 4 in Polearms
  1327 | D:2      | Reached XP level 4. HP: 23/28 MP: 5/5
  1353 | D:2      | Found a snail-covered altar of Cheibriados.
  2054 | D:2      | Reached skill level 5 in Polearms
  2062 | D:2      | Reached XP level 5. HP: 25/33 MP: 7/7
  2106 | D:2      | Noticed Ijyb
  2124 | D:2      | Killed Ijyb
  2663 | D:3      | Found a basalt altar of Yredelemnul.
  2714 | D:3      | Became a worshipper of Yredelemnul the Dark
  3483 | D:4      | Reached skill level 6 in Polearms
  3483 | D:4      | Reached XP level 6. HP: 26/38 MP: 8/8
  3695 | D:4      | Found a white marble altar of Elyvilon.
  3848 | D:4      | Found a glowing golden altar of the Shining One.
  4086 | D:4      | Noticed Sigmund
  4094 | D:4      | Killed Sigmund
  4152 | D:4      | Noticed Eustachio
  4229 | D:5      | Entered Level 5 of the Dungeon
  4232 | D:5      | Reached skill level 7 in Polearms
  4255 | D:5      | Noticed Blork the orc
  4269 | D:5      | Killed from afar by Blork the orc

Action                   |  1- 3 |  4- 6 || total
-------------------------+-------+-------++-------
Melee: Spear             |   108 |   178 ||   286
 Fire: Blowgun           |       |    16 ||    16
Throw: Throwing net      |     3 |       ||     3
       Stone             |     1 |       ||     1
  Use: Scroll            |       |    10 ||    10
       Potion            |       |     2 ||     2
 Stab: Sleeping          |     2 |     7 ||     9
       Distracted        |       |     1 ||     1
  Eat: Chunk             |     1 |    15 ||    16
